 Dungeon Crawl Stone Soup version 0.30-a0-719-gcc4359ea44 (webtiles) character file.

Game seed: 15061012386152602874

33 Arximoufas the Cutter (level 3, 0/27 HPs)
             Began as a Demonspawn Warper on Jan 26, 2023.
             Succumbed to an adder's poison
             ... on level 2 of the Dungeon.
             The game lasted 00:02:17 (917 turns).

Arximoufas the Cutter (Demonspawn Warper)            Turns: 917, Time: 00:02:18

Health: 0/27       AC:  3    Str: 11    XL:     3   Next: 12%
Magic:  6/6        EV: 11    Int: 14    God:
Gold:   48         SH:  0    Dex: 12    Spells: 6/6 levels left

rFire   . . .      SeeInvis .    a - +0 short sword
rCold   . . .      Faith    .    (no shield)
rNeg    . . .      Spirit   .    b - +0 leather armour
rPois   .          Reflect  .    (no helmet)
rElec   .          Harm     .    (no cloak)
rCorr   .          Rampage  .    (no gloves)
Will    .....                    (no boots)
Stlth   +                        (no amulet)
HPRegen 0.24/turn                (no ring)
MPRegen 0.10/turn                (no ring)

@: lethally poisoned (0 -> -5)
A: spiny 1, hooves 1, weak 1
a: no special abilities


You were on level 2 of the Dungeon.
You visited 1 branch of the dungeon, and saw 2 of its levels.

You collected 48 gold pieces.

Inventory:

Hand Weapons
 a - a +0 short sword (weapon)
 j - a +0 dagger
Missiles
 d - 7 boomerangs of dispersal (quivered)
Armour
 b - a +0 leather armour (worn)
Scrolls
 c - a scroll of blinking
 f - a scroll of noise {unknown}
 g - a scroll of fear {unknown}
 i - a scroll of identify {unknown}


   Skills:
 - Level 2.0 Fighting
 * Level 2.9 Short Blades
 - Level 0.8 Throwing
 - Level 0.8 Armour
 - Level 1.7 Dodging
 + Level 1.3 Stealth
 - Level 2.0 Spellcasting
 - Level 2.6 Translocations


You had 6 spell levels left.
You didn't know any spells.
Your spell library contained the following spells:

 Spells                   Type           Power      Damage    Failure   Level
 Blink                    Tloc           16%        N/A       16%         2
 Lesser Beckoning         Tloc           16%        N/A       16%         2
 Teleport Other           Tloc           8%         N/A       30%         3
 Vhi's Electric Charge    Tloc/Air       10%        N/A       47%         3
 Frozen Ramparts          Ice            2%         1d1       67%         3
 Manifold Assault         Tloc           8%         N/A       71%         4
 Ice Form                 Ice/Tmut       1%         N/A       97%         4
 Summon Ice Beast         Ice/Summ       1%         N/A       97%         4


Dungeon Overview and Level Annotations

Branches:
Dungeon (2/15)

Altars:


Innate Abilities, Weirdness & Mutations

You are partially covered in sharp spines.
You have large cloven feet.
You are weak. (Str -2)


Message History

The goblin hits you with a +0 club. The adder is struck by your spines.
The adder bites you.
You miss the adder.
The adder is severely wounded.
The adder is struck by your spines. The adder closely misses you.
The endoplasm is struck by your spines. The endoplasm hits you.
The hobgoblin barely misses you. The goblin hits you but does no damage.
You are too injured to fight recklessly!
The hobgoblin attacks as you move away! The hobgoblin hits you.
The endoplasm attacks as you move away! The endoplasm barely misses you.
The adder closely misses you. The adder is struck by your spines.
The adder bites you. The goblin barely misses you.
The goblin attacks as you move away! The goblin hits you with a +0 club.
* * * LOW HITPOINT WARNING * * *
The endoplasm attacks as you move away! The endoplasm is struck by your spines.
You kill the endoplasm!
Found a puce potion.
The adder attacks as you move away! The adder bites you.
* * * LOW HITPOINT WARNING * * *
The adder bites you but does no damage.
It was a potion of curing.
You feel better. The adder is struck by your spines.
The adder barely misses you. The adder is struck by your spines.
The adder bites you.
* * * LOW HITPOINT WARNING * * *
You are poisoned.
The adder poisons you!
It was a potion of mutation.
You feel extremely strange.
You feel weaker.
Your feet thicken and deform.
* * * LOW HITPOINT WARNING * * *
You feel sick. The adder bites you.
* * * LOW HITPOINT WARNING * * *
You are more poisoned.
The adder poisons you! The adder is struck by your spines.
The adder barely misses you.
Blink to where?
Press: ? - help, Dir - move target
As you read the scroll of blinking, it crumbles to dust.
* * * LOW HITPOINT WARNING * * *
You feel sick.
You die...

## ###$###### # #
(........ ..#.
##.......#
...##......#.#
##+#.....!.....##
.... ...#........
...?.##.#@.....##
......†..S...#...
.....##g#.S....##
......).#g......#
...#..#.........#
#.....)..........
................)
..>....#.#.#.....
#...............!


You could see 2 adders, a hobgoblin and a goblin.

Vanquished Creatures
  5 endoplasms
  3 giant cockroaches (D:1)
  3 goblins
  3 hobgoblins (D:1)
  4 jackals (D:1)
  A quokka (D:2)
  2 ball pythons (D:1)
  A bat (D:1)
  4 frilled lizards (D:1)
  2 kobolds
  A rat (D:1)
29 creatures vanquished.

Notes
Turn   | Place    | Note
-------+----------+-------------------------------------------
     0 | D:1      | Arximoufas the Demonspawn Warper began the quest for the
                  | Orb.
     0 | D:1      | Reached XP level 1. HP: 16/16 MP: 3/3
   128 | D:1      | Gained mutation: You are partially covered in sharp spines.
                  | [demonic ancestry]
   128 | D:1      | Reached XP level 2. HP: 18/22 MP: 5/5
   250 | D:1      | Reached skill level 1 in Stealth
   599 | D:1      | Found a faded altar of an unknown god.
   702 | D:1      | Reached XP level 3. HP: 27/27 MP: 6/6
   915 | D:2      | Gained mutation: You are weak. (Str -2) [potion of
                  | mutation]
   915 | D:2      | Gained mutation: You have large cloven feet. [potion of
                  | mutation]
   916 | D:2      | HP: 1/27 [poisoned by an adder]
   917 | D:2      | Succumbed to an adder's poison

Illustrated notes

Levels and vault maps discovered:
D:1:      ebering_trefoil_3fold, layout_loops_ring,
          shapermc_ecumenical_altar_mp_vishouse
D:2:      layout_basic, chequers_jeans, minmay_tetromino_i2

Skill      XL: |  1  2 |
---------------+-------+-----
Short Blades   | 2 |  2.9
Stealth        | 1 |  1.3
Fighting       | |  2.0
Throwing       | |  0.8
Armour         | |  0.8
Dodging        | |  1.7
Spellcasting   | |  2.0
Translocations | |  2.6

Action                     || total
---------------------------++-------
  Melee: Short sword       ||    93
    Use: Potion            ||     2
         Scroll            ||     1
 Armour: Leather armour    ||    19
  Dodge: Dodged            ||    60

Table legend: (Time is in decaauts)
 A = Elapsed time spent in this place.
 B = Non-inter-level travel time spent in this place.
 C = Inter-level travel time spent in this place.
 D = Time resting spent in this place.
 E = Time spent auto-exploring this place.
 F = Levels seen in this place.
 G = Mean time per level.
                   A        B        C        D        E       F      G
               +--------+--------+--------+--------+--------+-----+--------+
         Total |    906 |    881 |     25 |     51 |    650 |   2 |  453.0 |
       Dungeon |    906 |    881 |     25 |     51 |    650 |   2 |  453.0 |
               +--------+--------+--------+--------+--------+-----+--------+

Top non-repeatable levels by time:
     D:1: 889 daAuts
     D:2: 16 daAuts
